 Dungeon Crawl Stone Soup version 0.28.0-45-g0d030f2227 (webtiles) character file.

Game seed: 14846648781099509777

3236 AarnesTheHuman the Cleaver (level 9, -2/83 HPs)
             Began as a Minotaur Berserker on Apr 12, 2022.
             Was a Priest of Trog.
             Slain by Harold
             ... wielding a +0 short sword
              (8 damage)
             ... on level 7 of the Dungeon.
             The game lasted 00:17:58 (5884 turns).

AarnesTheHuman the Cleaver (Minotaur Berserker)     Turns: 5884, Time: 00:17:59

Health: -2/83      AC:  8    Str: 27    XL:     9   Next: 66%
Magic:  8/8        EV: 11    Int:  4    God:    Trog [***...]
Gold:   197        SH:  0    Dex:  9    Spells: 8/8 levels left

rFire   . . .      SeeInvis .   b - +7 hunting sling of Icineor {vorpal, Fly Stlth+}
rCold   . . .      Faith    .   (no shield)
rNeg    . . .      Spirit   .   k - +0 ring mail
rPois   .          Reflect  .   (helmet restricted)
rElec   .          Harm     .   C - +0 cloak
rCorr   .          Rampage  .   (no gloves)
Will    .....                   (no boots)
Stlth   +.........              (no amulet)
HPRegen 0.23/turn               (no ring)
MPRegen 0.11/turn               (no ring)

@: mighty, marked, flying
A: horns 2, retaliatory headbutt
a: Renounce Religion, Berserk, Trog's Hand


You were on level 7 of the Dungeon.
You worshipped Trog.
Trog was most pleased with you.
You visited 2 branches of the dungeon, and saw 8 of its levels.
You also visited: Sewer.

You collected 197 gold pieces.

Inventory:

Hand Weapons
 a - a +1 hand axe
 b - the +7 hunting sling of Icineor (weapon) {vorpal, Fly Stlth+}
   (You found it on level 3 of the Dungeon)

   Any ammunition fired from it inflicts extra damage upon your enemies.
   Fly:       It grants you flight.
   Stlth:     It makes you more stealthy.
 s - a +0 hunting sling
Missiles
 d - 22 poisoned darts
 i - 7 sling bullets (quivered ammo)
 u - 140 stones
 z - 6 javelins
Armour
 g - a +1 leather armour
 k - a +0 ring mail (worn)
 l - a +0 animal skin
 C - a +0 cloak (worn)
Wands
 q - a wand of acid (9)
 x - a wand of mindburst (7)
 B - a wand of flame (11)
Scrolls
 h - 3 scrolls of identify
 m - 5 scrolls of vulnerability
 o - a scroll of blinking
 v - a scroll of enchant weapon
 w - a scroll of enchant armour
 y - 5 scrolls of teleportation
Potions
 c - 4 potions of flight
 e - 2 potions of heal wounds
 f - 2 potions of invisibility
 j - 3 potions of curing
 n - 2 potions of resistance
 p - a potion of brilliance
 r - a potion of mutation
 t - a potion of cancellation
 A - a potion of berserk rage


   Skills:
 + Level 9.1 Fighting
 + Level 9.2 Axes
 + Level 6.8 Slings
 + Level 8.7 Armour
 - Level 2.1 Dodging


You had 8 spell levels left.
You didn't know any spells.
Your spell library was empty.

Dungeon Overview and Level Annotations

Branches:
Dungeon (7/15)             Temple (1/1) D:6           Sewer (visited)

Altars:

Shops:
D:2 :   D:6 [

Annotations:
D:3 2 runed translucent doors, exclusion: door, Zeus21348's ghost, amateur DsWn
D:4 exclusion: downstairs
D:5 1 runed translucent door, exclusion: downstairs, Ablot's ghost, novice GnWr
D:7 Harold


Innate Abilities, Weirdness & Mutations

You have a pair of horns on your head.
You reflexively headbutt those who attack you in melee.


Message History

Harold hits you with a +0 short sword!
Fire: 13 sling bullets
Press: ? - help, Q - select action, (/) - cycle Shift-Dir - straight line, f/p - Harold
Aim: Harold, wielding a +0 short sword, wearing a +0 scale mail, quivering 4 throwing nets and carrying a wand of digging (7) (moderately wounded, 78% to hit)
You shoot a sling bullet. The sling bullet hits Harold!
Harold is heavily wounded.
Harold hits you with a +0 short sword.
Fire: 12 sling bullets
Press: ? - help, Q - select action, (/) - cycle Shift-Dir - straight line, f/p - Harold
Aim: Harold, wielding a +0 short sword, wearing a +0 scale mail, quivering 4 throwing nets and carrying a wand of digging (7) (heavily wounded, 78% to hit)
You shoot a sling bullet. The sling bullet hits Harold!
Harold is severely wounded.
Harold gestures at you while chanting. The mark upon you grows brighter.
Fire: 11 sling bullets
Press: ? - help, Q - select action, (/) - cycle Shift-Dir - straight line, f/p - Harold
Aim: Harold, wielding a +0 short sword, wearing a +0 scale mail, quivering 4 throwing nets and carrying a wand of digging (7) (severely wounded, 78% to hit)
You shoot a sling bullet. The sling bullet hits Harold.
Harold is severely wounded.
Fire: 10 sling bullets
Press: ? - help, Q - select action, (/) - cycle Shift-Dir - straight line, f/p - Harold
Aim: Harold, wielding a +0 short sword, wearing a +0 scale mail, quivering 4 throwing nets and carrying a wand of digging (7) (severely wounded, 78% to hit)
You shoot a sling bullet. The sling bullet hits Harold!
Harold is almost dead.
Harold hits you with a +0 short sword!
Fire: 9 sling bullets
Press: ? - help, Q - select action, (/) - cycle Shift-Dir - straight line, f/p - Harold
Aim: Harold, wielding a +0 short sword, wearing a +0 scale mail, quivering 4 throwing nets and carrying a wand of digging (7) (almost dead, 78% to hit)
You shoot a sling bullet. The sling bullet hits Harold.
Harold is almost dead.
Harold hits you with a +0 short sword!!
* * * LOW HITPOINT WARNING * * *
Fire: 8 sling bullets
Press: ? - help, Q - select action, (/) - cycle Shift-Dir - straight line, f/p - Harold
Aim: Harold, wielding a +0 short sword, wearing a +0 scale mail, quivering 4 throwing nets and carrying a wand of digging (7) (almost dead, 78% to hit)
You shoot a sling bullet.
The sling bullet hits Harold but does no damage.
Harold is almost dead.
Harold hits you with a +0 short sword!
You die...

#... #.##..# #.##.<#
#.##..# #.##..#
#.##..########
#.#########.##..........
....((......###.########
#.....@@........#
#################


You could see Harold.

Vanquished Creatures
  Grinder (D:5)
  A shadow (D:5)
  A steam dragon (D:6)
  5 yaks (D:6)
  2 water moccasins
  A sky beast (D:6)
  An orc warrior (D:6)
  2 necrophages
  An ice beast (D:6)
  An ogre (D:6)
  3 kobold brigands
  A wyvern zombie (D:6)
  4 scorpions
  A water moccasin zombie (D:5)
  A wyvern skeleton (D:6)
  A water moccasin skeleton (D:5)
  4 hounds
  A jelly (D:6)
  3 bullfrog skeletons (D:6)
  A centaur skeleton (D:5)
  4 iguanas
  A gnoll shaman (D:6)
  Natasha (thrice) (D:3)
  5 gnolls (D:6)
  8 adders
  2 white imps (D:6)
  A worm (D:4)
  2 dart slugs
  3 orcs
  6 endoplasms
  A giant cockroach (D:3)
  A goblin (D:1)
  2 hobgoblins
  3 jackals (D:4)
  5 quokkas
  9 ball pythons
  4 bats
  5 frilled lizards
  12 kobolds
  11 rats
124 creatures vanquished.

Notes
Turn   | Place    | Note
-------+----------+-------------------------------------------
     0 | D:1      | AarnesTheHuman the Minotaur Berserker began the quest for
                  | the Orb.
     0 | D:1      | Reached XP level 1. HP: 19/19 MP: 0/0
   321 | D:1      | Found a faded altar of an unknown god.
   331 | D:1      | Reached XP level 2. HP: 25/27 MP: 1/1
   926 | D:2      | Found Qoixol's Book Boutique.
   948 | D:2      | Reached XP level 3. HP: 29/33 MP: 2/2
  1032 | D:2      | Reached ** piety under Trog
  1382 | D:3      | Noticed Natasha
  1393 | D:3      | Killed Natasha
  1510 | D:3      | Reached XP level 4. HP: 38/41 MP: 3/3
  1544 | D:3      | Noticed Natasha
  1553 | D:3      | Killed Natasha
  1790 | D:3      | Found a runed translucent door.
  1796 | D:3      | Noticed Zeus21348's ghost (amateur DsWn)
  1796 | D:3      | Noticed a bullfrog
  1817 | D:3      | Found a runed translucent door.
  2049 | D:3      | Identified the +7 hunting sling of Icineor {vorpal, Fly
                  | Stlth+}
  2057 | D:3      | Noticed Natasha
  2062 | D:3      | Killed Natasha
  2332 | D:4      | Found a glowing drain.
  2342 | Sewer    | Entered a sewer
  2401 | Sewer    | Noticed a kobold brigand
  2404 | Sewer    | Noticed a kobold brigand
  2407 | Sewer    | Killed a kobold brigand
  2408 | Sewer    | Reached skill level 5 in Fighting
  2408 | Sewer    | Reached skill level 5 in Axes
  2408 | Sewer    | Reached skill level 1 in Slings
  2408 | Sewer    | Reached XP level 5. HP: 48/48 MP: 4/4
  2421 | Sewer    | Reached XP level 6. HP: 30/56 MP: 5/5
  2623 | Sewer    | Found a white marble altar of Elyvilon.
  3299 | D:5      | Entered Level 5 of the Dungeon
  3303 | D:5      | Noticed Grinder
  3359 | D:5      | Reached skill level 5 in Armour
  3507 | D:5      | Noticed Ablot's ghost (novice GnWr)
  3529 | D:5      | Reached XP level 7. HP: 63/63 MP: 6/6
  3531 | D:5      | Found a runed translucent door.
  3578 | D:5      | Noticed a shadow
  3582 | D:5      | Killed a shadow
  3666 | D:6      | Found a staircase to the Ecumenical Temple.
  3675 | Temple   | Entered the Ecumenical Temple
  3844 | D:6      | Found Uzxufil's Antique Armour Shoppe.
  4024 | D:6      | Reached XP level 8. HP: 73/73 MP: 7/7
  4059 | D:6      | Reached *** piety under Trog
  4149 | D:6      | Reached skill level 5 in Slings
  4177 | D:6      | Reached XP level 9. HP: 28/81 MP: 8/8
  5264 | D:5      | Killed Grinder
  5867 | D:7      | Noticed Harold
  5884 | D:7      | Slain by Harold

Illustrated notes

Levels and vault maps discovered:
D:1:      ncdulo_smallfort, layout_basic, ebering_ecumenical_altar_sacrificial
D:2:      layout_basic, serial_shops, nicolae_shop_window_shopping
D:3:      layout_basic, ebering_ghost_sewer_f, uniq_natasha
D:4:      layout_cave_pools, portal_sewer_entry_c
D:5:      layout_gridville, hellmonk_ghost_happy_afterlife, uniq_grinder
D:6:      minmay_thinvault, layout_gridville,
          minmay_temple_entry_gardened_gates, serial_shops,
          nicolae_shop_hallway_plus
D:7:      layout_basic, mainiacjoe_overflow_alcove_2, amethyst_killhole,
          uniq_joseph, uniq_harold
Temple:   mainiacjoe_temple_hex_bubbles

Skill      XL: |  1  2  3  4  5  6  7  8  9 |
---------------+----------------------------+-----
Fighting       | 4 5 6 7 8 9 |  9.1
Axes           | 4 5 6 8 9 |  9.2
Armour         | 3 4 5 6 7 8 |  8.7
Slings         | 1 2 4 5 6 |  6.8
Dodging        | |  2.1

Action                   |  1- 3 |  4- 6 |  7- 9 || total
-------------------------+-------+-------+-------++-------
Melee: Hand axe          |    77 |    49 |    37 ||   163
       Headbutt          |     7 |     8 |     6 ||    21
       Punch             |       |       |     1 ||     1
 Fire: Hunting sling     |       |    48 |   155 ||   203
Invok: Trog's Hand       |       |     1 |     4 ||     5
       Berserk           |       |     1 |       ||     1
  Use: Scroll            |       |    13 |     2 ||    15
       Potion            |       |       |     2 ||     2
Armor: Animal skin       |     2 |       |       ||     2
       Leather armour    |    22 |     8 |       ||    30
       Ring mail         |       |     2 |    28 ||    30
Dodge: Dodged            |    36 |    34 |    40 ||   110
